 Dungeon Crawl Stone Soup version 0.22.1-2-g9c5b331 (webtiles) character file.

81 Tiagovsky the Firebug (level 4, 0/36 HPs)
             Began as a Draconian Fire Elementalist on Jan 1, 2019.
             Succumbed to a worker ant's poison
             ... on level 3 of the Dungeon.
             The game lasted 00:11:31 (1944 turns).

Tiagovsky the Firebug (Draconian Fire Elementalist) Turns: 1944, Time: 00:11:32

Health: 0/36       AC:  5    Str: 10    XL:     4   Next: 19%
Magic:  3/7        EV: 12    Int: 16    God:
Gold:   174        SH:  0    Dex: 15    Spells: 4/7 levels left

rFire    . . .     SeeInvis +   w - +0 short sword
rCold    . . .     Gourm    .   (no shield)
rNeg     . . .     Faith    .   (armour unavailable)
rPois    .         Spirit   .   (helmet restricted)
rElec    .         Reflect  .   (no cloak)
rCorr    .         Harm     .   (no gloves)
MR       .....                  (no boots)
Stlth    ++........             (no amulet)
HPRegen  0.12/turn              g - ring of see invisible
MPRegen  0.10/turn              h - +3 ring of dexterity

@: lethally poisoned (0 -> -3)
A: unfitting armour, cold-blooded, AC +5
a: no special abilities


You were on level 3 of the Dungeon.
You were not hungry.

You visited 1 branch of the dungeon, and saw 3 of its levels.

You collected 174 gold pieces.

Inventory:

Hand Weapons
 m - a +1 mace of holy wrath
 q - a +0 hunting sling
 w - a +0 short sword (weapon)
Missiles
 e - 54 stones (quivered)
Jewellery
 g - a ring of see invisible (left hand)
 h - a +3 ring of dexterity (right hand)
Scrolls
 a - a scroll of remove curse
 d - 3 scrolls of amnesia
Potions
 c - 3 potions of flight
 j - 2 potions of lignification {unknown}
 k - a potion of resistance {unknown}
 n - 2 potions of curing {unknown}
Comestibles
 b - 6 rations
 f - a chunk of flesh


   Skills:
 + Level 2.2 Fighting
 - Level 1.7 Dodging
 - Level 1.7 Stealth
 - Level 2.0 Spellcasting
 + Level 2.4 Conjurations
 + Level 3.7 Fire Magic


You had 4 spell levels left.
You knew the following spells:

 Your Spells              Type           Power        Failure   Level  Hunger
a - Flame Tongue          Conj/Fire      ##...        6%          1    #......
b - Throw Flame           Conj/Fire      ##....       9%          2    ###....

Your spell library contained the following spells:

 Spells                   Type           Power        Failure   Level  Hunger
 Conjure Flame            Conj/Fire      ##......     17%         3    ###....
 Inner Flame              Hex/Fire       #.......     28%         3    ###....
 Sticky Flame             Conj/Fire      ##......     50%         4    #####..
 Fireball                 Conj/Fire      ##........   85%         5    ######.


Dungeon Overview and Level Annotations

Branches:
Dungeon (3/15)

Altars:


Innate Abilities, Weirdness & Mutations

Your plain brown scales are hard. (AC +5)
You cannot fit into any form of body armour.
You are cold-blooded and may be slowed by cold attacks.


Message History

Aiming: Flame Tongue (safe; 6% risk of failure)
Press: ? - help, Shift-Dir - straight line, f/p - worker ant
Aim: a worker ant (heavily wounded)
The flame tongue hits the worker ant.
The worker ant is heavily wounded.
The worker ant bites you.
* * * LOW HITPOINT WARNING * * *
Wield which item (- for none, * to show all)? (? for menu, Esc to quit)
w - a +0 short sword (weapon)
You feel sick.
Okay, then.
The worker ant misses you. The worker ant bites you.
* * * LOW HITPOINT WARNING * * *
You hit the worker ant but do no damage.
The worker ant is heavily wounded.
The worker ant bites you.
* * * LOW HITPOINT WARNING * * *
You hit the worker ant.
Your tail-slap misses the worker ant.
The worker ant is severely wounded.
You die...

#.....<.....##..
#.......÷......#
#.....÷(...#####
#..........###..
##.....(.......#
#..............
#.........#####
#....(....#
#....a@...#
#.........#
#.........#
##.......##
##.....##
#######


You could see a worker ant.

Vanquished Creatures
  3 adders (D:2)
  2 worms (D:2)
  A leopard gecko (D:2)
  3 bats
  A giant cockroach (D:2)
  13 goblins
  5 hobgoblins
  A ball python (D:3)
  5 frilled lizards
  8 kobolds
  4 rats
46 creatures vanquished.

Notes
Turn   | Place    | Note
-------+----------+-------------------------------------------
     0 | D:1      | Tiagovsky the Draconian Fire Elementalist began the quest
                  | for the Orb.
     0 | D:1      | Reached XP level 1. HP: 14/14 MP: 3/3
   273 | D:1      | Reached XP level 2. HP: 15/22 MP: 0/5
   478 | D:1      | Reached skill level 1 in Fighting
   629 | D:2      | Learned a level 2 spell: Throw Flame
  1124 | D:2      | Reached XP level 3. HP: 28/28 MP: 3/6
  1480 | D:2      | Reached XP level 4. HP: 36/36 MP: 3/7
  1943 | D:3      | HP: 1/36 [worker ant (4)]
  1944 | D:3      | Succumbed to a worker ant's poison

Skill      XL: |  1  2  3 |
---------------+----------+-----
Fighting       | 1 2 |  2.2
Conjurations   | 2 |  2.4
Dodging        | |  1.7
Stealth        | |  1.7
Spellcasting   | |  2.0
Fire Magic     | |  3.7

Action                   |  1- 3 |  4- 6 || total
-------------------------+-------+-------++-------
Melee: Short sword       |    26 |    16 ||    42
       Tailslap          |     3 |     2 ||     5
 Fire: Hunting sling     |    39 |     8 ||    47
Throw: Stone             |     6 |       ||     6
 Cast: Flame Tongue      |    40 |    11 ||    51
  Use: Scroll            |       |     5 ||     5
  Eat: Chunk             |     2 |     2 ||     4
Armor: Skin              |    11 |     4 ||    15
Dodge: Dodged            |    34 |    13 ||    47
